 Dungeon Crawl Stone Soup version 0.19-a0-1682-g5114f93 (webtiles) character file.

731 Amnesiac the Vexing (level 7, -4/46 HPs)
             Began as a Mummy Enchanter on Sept 25, 2016.
             Was an Initiate of Gozag.
             Slain by zkyp's ghost (24 damage)
             ... on level 5 of the Dungeon.
             The game lasted 00:13:50 (7089 turns).

Amnesiac the Vexing (Mummy Enchanter)               Turns: 7089, Time: 00:13:51

Health: -4/46      AC:  8    Str: 11    XL:     7   Next: 45%
Magic:  5/11       EV: 12    Int: 20    God:    Gozag
Gold:   268        SH:  2    Dex: 13    Spells: 5 memorised, 0 levels left

rFire  x . .     SeeInvis .     v - +2 dagger (pain)
rCold  + + .     Gourm    .     l - +2 animal skin
rNeg   + + +     Faith    .     (no shield)
rPois  ∞         Spirit   .     m - +0 helmet of Submission {rPois rC+ rN+} (curse)
rElec  .         Dismiss  .     f - +0 cloak
rCorr  .         Reflect  +     b - +0 pair of gloves (curse)
MR     .....     Harm     .     (no boots)
Stlth  +++.......               g - +2 amulet of reflection
                                s - ring of flight
                                e - +4 ring of intelligence

@: no status effects
A: no food or potions, fire vulnerability, cold resistance 1, negative energy
resistance 3, torment resistance, unbreathing
a: Potion Petition, Call Merchant, Bribe Branch, Renounce Religion, Evoke Flight


You were on level 5 of the Dungeon.
You worshipped Gozag.
Gozag was aware of your devotion.
You were not hungry.

You visited 2 branches of the dungeon, and saw 7 of its levels.

You collected 382 gold pieces.
You paid 114 gold pieces to Gozag.

Inventory:

Hand Weapons
 a - a +0 falchion
 u - a +0 blowgun
 v - a +2 dagger of pain (weapon)
Missiles
 q - 25 poisoned needles
Armour
 b - a cursed +0 pair of gloves (worn)
 f - a +0 cloak (worn)
 l - a +2 animal skin (worn)
 m - the cursed +0 helmet of Submission (worn) {rPois rC+ rN+}
   (You took it off Robin on level 2 of the Dungeon)

   It protects you from cold.
   It protects you from poison.
   It protects you from negative energy.
   It has a curse placed upon it.
Jewellery
 e - a +4 ring of intelligence (left hand)
 g - a +2 amulet of reflection (around neck)
 s - a ring of flight (right hand)
Wands
 p - a wand of slowing (5/48)
Scrolls
 d - a scroll of fear {unknown}
 h - 10 scrolls of identify {unknown}
 i - 3 scrolls of random uselessness {unknown}
 j - 2 scrolls of recharging {unknown}
 k - 2 scrolls of remove curse {unknown}
 n - a scroll of noise {unknown}
 o - 2 scrolls of enchant armour {unknown}
 r - a scroll of teleportation {unknown}
Books
 c - a book of Maledictions

   Spells                             Type                      Level
   a - Corona                         Hexes                        1
   b - Ensorcelled Hibernation        Hexes/Ice                    2
   c - Confuse                        Hexes                        3
   d - Tukima's Dance                 Hexes                        3
   e - Dazzling Spray                 Conjuration/Hexes            3
 t - a book of Air

   Spells                             Type                      Level
   a - Shock                          Conjuration/Air              1
   b - Swiftness                      Charms/Air                   2
   c - Repel Missiles                 Charms/Air                   2
   d - Static Discharge               Conjuration/Air              3
   e - Lightning Bolt                 Conjuration/Air              5


   Skills:
 - Level 4.0 Short Blades
 - Level 1.5 Dodging
 - Level 4.1 Stealth
 - Level 3.0 Spellcasting
 + Level 5.1 Hexes


You couldn't memorise any spells.
You knew the following spells:

 Your Spells              Type           Power        Failure   Level  Hunger
a - Repel Missiles        Chrm/Air       #.....       24%         2    N/A
b - Corona                Hex            ###....      1%          1    N/A
e - Confuse               Hex            ###.....     8%          3    N/A
f - Dazzling Spray        Conj/Hex       ##....       17%         3    N/A
w - Tukima's Dance        Hex            ###.....     8%          3    N/A

Dungeon Overview and Level Annotations

Branches:
Dungeon (6/15)             Temple (1/1) D:5

Altars:
Ashenzari
Cheibriados
Dithmenos
Elyvilon
Fedhas
Gozag
Hepliaklqana
Kikubaaqudgha
Makhleb
Nemelex Xobeh
Okawaru
Qazlal
Ru
Sif Muna
Trog
Uskayaw
Vehumet
Xom
Yredelemnul
Zin
The Shining One

Shops:
D:4 (

Annotations:
D:3 st0uf's ghost, amateur DsGl
D:5 zkyp's ghost, novice OgWn


Innate Abilities, Weirdness & Mutations

You do not eat or drink.
Your flesh is vulnerable to fire.
You are immune to poison.
Your flesh is cold resistant. (rC+)
You are immune to negative energy. (rN+++)
You are immune to unholy pain and torment.
You can survive without breathing.


Message History

Level annotation: zkyp's ghost, novice OgWn Zkyp's ghost hits you!
There is a stone staircase leading down here.
Casting: Confuse
Confirm with . or Enter, or press ? or * to list all spells.
Aiming: Confuse
Press: ? - help, Shift-Dir - straight line, f - zkyp's ghost
Aim: zkyp's ghost (chance to defeat MR: 25%) Zkyp's ghost resists with almost no effort.
Zkyp's ghost hits you!!
Casting: Confuse
Confirm with . or Enter, or press ? or * to list all spells.
Aiming: Confuse
Press: ? - help, Shift-Dir - straight line, f/p - zkyp's ghost
Aim: zkyp's ghost (chance to defeat MR: 25%) Zkyp's ghost resists with almost no effort.
Zkyp's ghost hits you!!
Ouch! That really hurt!
You die...
Your body crumbles into a pile of gold.

####################
.................[.#
#######.##########.#######
#######.########.W.....).#
................@......)<#
#####........###.....)...#
.####.#.##...........(#######
.#....#.##............((....#
.#....#.##.............####.#
......#.##.....[.......# #.#
.##.#.#.....[..........# #.#
.##.#.####.............# #.#
###.#.....#............# #.#


You could see zkyp's ghost.

Vanquished Creatures
  Grinder (D:3)
  A sky beast (D:5)
  A crimson imp (D:5)
  An orc priest (D:5)
  2 iguanas (D:5)
  2 worker ants (D:4)
  An orc wizard (D:5)
  Robin (D:2)
  7 gnolls
  5 adders
  2 adder zombies
  2 adder skeletons
  2 dart slugs (D:2)
  4 leopard geckos
  10 orcs
  3 giant cockroaches
  12 goblins
  12 hobgoblins
  14 jackals
  10 kobolds
  3 quokkas
  2 ball pythons
  7 bats
  A frilled lizard (D:2)
  5 rats
111 creatures vanquished.

Vanquished Creatures (collateral kills)
  A gnoll (D:5)
1 creature vanquished.

Vanquished Creatures (others)
  A dancing weapon (D:5)
  An adder (D:2)
  A goblin (D:2)
3 creatures vanquished.

Grand Total: 115 creatures vanquished

Notes
Turn   | Place    | Note
-------+----------+-------------------------------------------
     0 | D:1      | Amnesiac the Mummy Enchanter began the quest for the Orb.
     0 | D:1      | Reached XP level 1. HP: 13/13 MP: 3/3
   187 | D:1      | Reached skill level 3 in Hexes
   493 | D:1      | Reached XP level 2. HP: 18/19 MP: 3/5
  1047 | D:2      | Noticed Robin
  1420 | D:2      | Reached XP level 3. HP: 20/24 MP: 4/6
  1504 | D:2      | Learned a level 3 spell: Confuse
  1740 | D:2      | Reached skill level 4 in Hexes
  1942 | D:2      | Killed Robin
  1944 | D:2      | Got a brightly glowing helmet
  1961 | D:2      | Identified the cursed +0 helmet of Submission {rPois rC+ rN+} (You took it off Robin on level 2 of the Dungeon)
  2149 | D:2      | Reached XP level 4. HP: 25/30 MP: 1/7
  2440 | D:3      | Found a sparkling altar of Nemelex Xobeh.
  2468 | D:3      | Learned a level 3 spell: Tukima's Dance
  2542 | D:3      | Noticed st0uf's ghost (amateur DsGl)
  2894 | D:3      | Reached skill level 5 in Hexes
  2947 | D:3      | Reached skill level 1 in Short Blades
  2971 | D:3      | Noticed Grinder
  2999 | D:3      | Paralysed by Grinder for 3 turns
  3033 | D:3      | Paralysed by Grinder for 7 turns
  3044 | D:3      | Killed Grinder
  3044 | D:3      | Reached XP level 5. HP: 30/35 MP: 2/8
  3044 | D:3      | Reached XP level 6. HP: 35/41 MP: 2/9
  3330 | D:3      | Learned a level 2 spell: Repel Missiles
  4007 | D:4      | Found Gomaesia's Weapon Shop.
  4247 | D:5      | Entered Level 5 of the Dungeon
  4800 | D:5      | Noticed zkyp's ghost (novice OgWn)
  4966 | D:5      | Found a snail-covered altar of Cheibriados.
  5398 | D:5      | Reached XP level 7. HP: 36/46 MP: 10/10
  6097 | D:5      | Learned a level 3 spell: Dazzling Spray
  6189 | D:5      | Found a staircase to the Ecumenical Temple.
  6197 | Temple   | Entered the Ecumenical Temple
  6210 | Temple   | Became a worshipper of Gozag Ym Sagoz the Greedy
  7089 | D:5      | Slain by zkyp's ghost

Vault maps used:
D:1:      dpeg_arrival_rooms_with_view
D:2:      first_bread, minmay_liquid_box, uniq_robin
D:3:      nemelex_xobeh_ov_fountains_minmay, uniq_grinder
D:4:      serial_shops, shop_coins, abandoned_shop
D:5:      cheibriados_altar_wand_db
D:6:      tgw_sif, uniq_pikel, uniq_eustachio
Temple:   nicolae_temple_the_god_donut

Skill      XL: |  1  2  3  4  5  6  7 |
---------------+----------------------+-----
Hexes          | 3 4 5 |  5.1
Short Blades   | 3 4 |  4.0
Stealth        | 3 4 |  4.1
Spellcasting   | 3 |  3.0
Dodging        | |  1.5

Action                   |  1- 3 |  4- 6 |  7- 9 || total
-------------------------+-------+-------+-------++-------
Melee: Dagger            |   169 |   266 |   122 ||   557
       Falchion          |       |    62 |       ||    62
 Cast: Corona            |    20 |       |       ||    20
       Confuse           |    12 |    30 |    27 ||    69
       Tukima's Dance    |       |     5 |       ||     5
       Repel Missiles    |       |     1 |       ||     1
       Dazzling Spray    |       |       |     2 ||     2
 Stab: Sleeping          |     4 |     8 |     2 ||    14
       Confused          |     5 |     9 |     9 ||    23
       Distracted        |       |     1 |       ||     1
Armor: Robe              |    48 |       |       ||    48
       Animal skin       |     6 |   109 |    33 ||   148
Dodge: Dodged            |   107 |   167 |    60 ||   334
       Deflected         |       |     1 |     1 ||     2
Block: Other             |     4 |    16 |     5 ||    25
       Reflection        |     1 |       |       ||     1
